 Dungeon Crawl Stone Soup version 0.22-a0-354-g30dfbe6 (webtiles) character file.

15 Kairos the Shield-Bearer (level 2, 16/16 HPs)
             Began as a Vine Stalker Fighter on Apr 16, 2018.
             Got out of the dungeon alive.
             The game lasted 00:00:32 (651 turns).

Kairos the Shield-Bearer (Vine Stalker Fighter)      Turns: 651, Time: 00:00:33

Health: 16/16      AC:  6    Str: 18    XL:     2   Next: 50%
Magic:  3/3        EV:  7    Int:  8    God:
Gold:   58         SH:  8    Dex: 10    Spells: 1/1 levels left

rFire    . . .     SeeInvis .   a - +0 war axe
rCold    . . .     Gourm    .   c - +0 shield
rNeg     . . .     Faith    .   b - +0 scale mail
rPois    .         Spirit   +   (no helmet)
rElec    .         Reflect  .   (no cloak)
rCorr    .         Harm     .   (no gloves)
MR       .....                  (no boots)
Stlth    ..........             (no amulet)
HPRegen  0.05/turn              j - -3 ring of dexterity (curse)
MPRegen  0.08/turn              (no ring)

@: no status effects
A: fangs 2, magic shield, antimagic bite, no potion heal 3, rot immunity
a: no special abilities


You escaped.
You were not hungry.

You visited 1 branch of the dungeon, and saw 1 of its levels.

You collected 58 gold pieces.

Inventory:

Hand Weapons
 a - a +0 war axe (weapon)
Armour
 b - a +0 scale mail (worn)
 c - a +0 shield (worn)
Jewellery
 j - a cursed -3 ring of dexterity (left hand)
Scrolls
 e - a scroll of teleportation {unknown}
 h - a scroll of identify {unknown}
 i - a scroll of enchant weapon {unknown}
Potions
 d - a potion of might
 g - a potion of magic {unknown}
Comestibles
 f - 5 rations


   Skills:
 + Level 2.7 Fighting
 + Level 2.0 Axes
 + Level 2.6 Armour
 + Level 0.2 Dodging
 + Level 2.9 Shields


You had one spell level left.
You didn't know any spells.

Dungeon Overview and Level Annotations

Branches:
Dungeon (1/15)

Altars:


Innate Abilities, Weirdness & Mutations

You have extremely sharp teeth.
When hurt, damage is shared between your health and your magic reserves.
Your bite disrupts and absorbs the magic of your enemies.
Potions cannot restore your health.
You are immune to rotting.


Message History

HP restored.
A kobold comes into view.
The kobold shouts!
A kobold is nearby!
A kobold is nearby!
You block the kobold's attack.
You hit the kobold.
You kill the kobold!
Found a dagger.
No target in view!
No target in view!
No target in view!
No target in view!
You feel clumsy.
Oops, that ring feels deathly cold.
j - a cursed -3 ring of dexterity (left hand)
There is an open door here.
There is a staircase leading out of the dungeon here.
Are you sure you want to leave the Dungeon?
This will make you lose the game!
You have escaped!

############ #.#
######.......#..
####.# #
..#..#.#####.#.#
#....# # .....#.#
#...#.#
#########...## #
.....#.# #.###.#
#...........# #
.....#.# #.....#
#...##......# #
.....#.# #####.#
###.#..#†...####
....)#.# #.###
#...###.....##
.....#'# #..@# ##..#
#...#.#. ..)....#
#.######..###...#...
.....### #.#
##.....##...##..
.#.### #.#
#..###.####.....
.#.# #.# #......#
#..... .#.# #.#
#.####.# #..... .#.#
..# ## #.# #.....
.#.# #.. #.## #.....
.#.# ### ####
#..###.....


There were no monsters in sight!

Vanquished Creatures
  A dart slug (D:1)
  A goblin (D:1)
  A hobgoblin (D:1)
  2 jackals (D:1)
  2 kobolds (D:1)
  4 bats (D:1)
  A frilled lizard (D:1)
  2 rats (D:1)
14 creatures vanquished.

Notes
Turn   | Place    | Note
-------+----------+-------------------------------------------
     0 | D:1      | Kairos the Vine Stalker Fighter began the quest for the Orb.
     0 | D:1      | Reached XP level 1. HP: 11/11 MP: 2/2
   111 | D:1      | Reached XP level 2. HP: 12/16 MP: 3/3
   651 | D:$      | Got out of the dungeon alive.

Vault maps used:
D:1:      onia_arrival_mini_maze_b, hangedman_abyss_or_decor_stabs

Skill      XL: |  1  2 |
---------------+-------+-----
Axes           | 2 |  2.0
Fighting       | |  2.7
Armour         | |  2.6
Dodging        | |  0.2
Shields        | |  2.9

Action                   || total
-------------------------++-------
Melee: War axe           ||    47
       Bite              ||    12
Armor: Scale mail        ||    34
Dodge: Dodged            ||    24
Block: Shield            ||    30

Table legend:
 A = Spawn XP
 B = Non-spawn XP
 C = Spawn XP percentage of total XP
 D = Spawn monster count
 E = Non-spawn monster count
 F = Spawn count percentage of total count
 G = Total turns spent on level
                    A         B        C        D         E        F      G
               +---------+---------+-------+---------+---------+-------+---------
         Total |       0 |      22 |   0.0 |       0 |      14 |   0.0 |   651
               +---------+---------+-------+---------+---------+-------+---------
           D:1 |       0 |      22 |   0.0 |       0 |      14 |   0.0 |   651
               +---------+---------+-------+---------+---------+-------+---------
